 Dungeon Crawl Stone Soup version 0.31-a0-358-gac0dbeb3ab (webtiles) character file.

Game seed: 1334807462571399552

934 drugrobin the Chopper (level 7, 0/56 HPs)
             Began as a Demigod Delver on July 26, 2023.
             Succumbed to a water moccasin's poison
             ... on level 5 of the Dungeon.
             The game lasted 00:11:51 (4887 turns).

drugrobin the Chopper (Demigod Delver)              Turns: 4887, Time: 00:11:52

Health: 0/56       AC:  9    Str: 21    XL:     7   Next: 56%
Magic:  9/9        EV: 13    Int: 12    God:
Gold:   410        SH:  0    Dex: 15    Spells: 6/6 levels left

rFire   . . .        a - +0 war axe
rCold   . . .        (no shield)
rNeg    . . .        E - +0 chain mail
rPois   .            (no helmet)
rElec   .            e - +0 cloak
rCorr   .            (no gloves)
SInv    .            (no boots)
Will    .....        (no amulet) Stlth
                     r - ring of flight
HPRegen 0.29/turn    J - +5 ring of evasion
MPRegen 0.11/turn

%: no passive effects
@: lethally poisoned (0 -> -19), flying
A: high MP 1, forlorn, divine attributes
a: no special abilities


You were on level 5 of the Dungeon.
You visited 1 branch of the dungeon, and saw 6 of its levels.

You collected 410 gold pieces.

Inventory:

Hand Weapons
 a - a +0 war axe (weapon)
 b - a +1 dagger of venom
 k - a +2 flail of holy wrath
 F - a +0 hand axe
Missiles
 i - 4 curare-tipped darts
 l - 12 poisoned darts
 n - 3 boomerangs (quivered)
Armour
 e - a +0 cloak (worn)
 m - a +0 ring mail
 v - a +0 leather armour
 E - a +0 chain mail (worn)
 G - a +2 robe
Jewellery
 r - a ring of flight (left hand)
 J - a +5 ring of evasion (right hand)
Wands
 g - a wand of digging (11)
 y - a wand of charming (7)
Scrolls
 c - a scroll of fog
 d - 3 scrolls of revelation
 h - 2 scrolls of teleportation
 u - a scroll of enchant armour {unknown}
 w - a scroll of identify
 x - 2 scrolls of vulnerability {unknown}
 A - a scroll of noise {unknown}
 C - a scroll of enchant weapon {unknown}
 D - a scroll of acquirement {unknown}
 H - a scroll of brand weapon {unknown}
 K - a scroll of torment {unknown}
Potions
 f - a potion of haste
 j - a potion of curing
 o - 4 potions of might
 p - 4 potions of cancellation
 q - 6 potions of mutation
 s - a potion of berserk rage
 t - a potion of ambrosia {unknown}
 z - 2 potions of resistance {unknown}
 B - a potion of brilliance {unknown}
 I - a potion of enlightenment {unknown}


   Skills:
 - Level 2.6 Fighting
 + Level 7.3 Axes
 - Level 1.7 Dodging
 - Level 4.5 Stealth
 - Level 4.0 Evocations


You had 6 spell levels left.
You didn't know any spells.
Your spell library contained the following spells:

 Spells                   Type           Power      Damage    Failure   Level
 Freeze                   Ice            0%         1d3       95%         1
 Kiss of Death            Conj/Necr      0%         2d5       95%         1
 Slow                     Hex            0%         N/A       95%         1
 Confusing Touch          Hex            0%         N/A       100%        3
 Frozen Ramparts          Ice            0%         1d1       100%        3
 Hailstorm                Conj/Ice       0%         3d3       100%        3
 Portal Projectile        Hex/Tloc       0%         N/A       100%        3
 Tukima's Dance           Hex            0%         N/A       100%        3
 Vampiric Draining        Necr           0%         2d6       100%        3
 Animate Dead             Necr           0%         N/A       100%        4
 Dispel Undead            Necr           0%         3d6       100%        4
 Iskenderun's Mystic Bla  Conj/Tloc      0%         2d3       100%        4
 Borgnjor's Vile Clutch   Necr/Erth      0%         N/A       100%        5
 Death Channel            Necr           0%         N/A       100%        6


Dungeon Overview and Level Annotations

Branches:
Dungeon (6/15)             Temple (0/1) D:5

Annotations:
D:3 2 transporters


Innate Abilities, Weirdness & Mutations

You have an increased reservoir of magic. (+10% MP)
You shall have no god before yourself.
Your divine heritage dramatically boosts your attributes as you level up.


Message History

The water moccasin is severely wounded.
You feel sick. The water moccasin closely misses you.
The water moccasin bites you.
You miss the water moccasin.
The water moccasin is severely wounded.
You feel sick.
You are no longer poisoned.
The water moccasin bites you but does no damage.
You completely miss the water moccasin.
The water moccasin is severely wounded.
The water moccasin barely misses you. The water moccasin bites you.
You are poisoned.
The water moccasin poisons you!
You hit the water moccasin.
The water moccasin is almost dead.
You feel very sick. The water moccasin barely misses you.
The water moccasin bites you.
You closely miss the water moccasin.
The water moccasin is almost dead.
You feel very sick.
The water moccasin bites you but does no damage.
You miss the water moccasin.
The water moccasin is almost dead.
You feel sick. The water moccasin closely misses you.
The water moccasin bites you.
* * * LOW HITPOINT WARNING * * *
You are lethally poisoned!
The water moccasin poisons you!
Unknown command.
You hit the water moccasin but do no damage.
The water moccasin is almost dead.
* * * LOW HITPOINT WARNING * * *
You feel very sick.
The water moccasin bites you but does no damage.
Unknown command.
Unknown command.
Unknown command.
You closely miss the water moccasin.
The water moccasin is almost dead.
You die...

#.......##...# #.#
###.....#..### #.#
###.....#.## #.#
..........# #.#
..#.......### #.#
..###...#...# ######.###
#........##.####........#
#'....##..#....#........#
.#....###.####..@.......#
.#.#..# #..##...S.......#
.#.#..# #.....##........#
##.#..###..#............#
.####.......#.#'#....<..#
.......####.#.#.#..##.###
..............#.#..##.#
###.....###...#.#..##.# #
#.....# #..##.##.##.##


You could see a water moccasin.

Vanquished Creatures
  Sigmund (D:5)
  Menkaure (D:6)
  Edmund (D:5)
  An ogre (D:5)
  A scorpion (D:3)
  A wight (D:6)
  A hound (D:5)
  A jelly (D:5)
  2 iguanas (D:5)
  2 orc wizards (D:5)
  A gnoll (D:4)
  7 adders
  A white imp (D:6)
  3 worms
  4 dart slugs
  15 orcs
  6 endoplasms
  5 giant cockroaches
  3 goblins
  8 hobgoblins
  3 jackals (D:5)
  5 quokkas
  11 ball pythons
  5 bats
  A frilled lizard (D:2)
  8 kobolds
  5 rats
103 creatures vanquished.

Notes
Turn   | Place    | Note
-------+----------+-------------------------------------------
     0 | D:5      | drugrobin the Demigod Delver began the quest for the Orb.
     0 | D:5      | Reached XP level 1. HP: 18/18 MP: 3/3
    46 | D:5      | Noticed an orc wizard
   116 | D:5      | Found a staircase to the Ecumenical Temple.
   123 | D:5      | Noticed an iguana
   147 | D:5      | Noticed Sigmund
   147 | D:5      | Noticed an iguana
   148 | D:5      | Noticed an ogre
   196 | D:4      | Noticed an ice beast
   209 | D:3      | Reached skill level 2 in Axes
   246 | D:3      | Found a transporter.
   311 | D:3      | Noticed an orc priest
   448 | D:1      | Reached XP level 2. HP: 25/25 MP: 4/4
   823 | D:1      | Reached skill level 3 in Axes
  1516 | D:2      | Reached XP level 3. HP: 30/30 MP: 5/5
  2150 | D:3      | Found a transporter.
  2167 | D:3      | Reached skill level 4 in Axes
  2295 | D:3      | Reached XP level 4. HP: 28/37 MP: 6/6
  2670 | D:3      | Reached skill level 1 in Evocations
  2670 | D:3      | Reached XP level 5. HP: 38/42 MP: 7/7
  3772 | D:5      | Reached skill level 5 in Axes
  3810 | D:5      | Noticed Edmund
  3842 | D:5      | Killed Edmund
  3843 | D:5      | Reached XP level 6. HP: 46/50 MP: 8/8
  3946 | D:5      | Killed Sigmund
  3947 | D:5      | Reached skill level 6 in Axes
  3947 | D:5      | Reached XP level 7. HP: 39/56 MP: 9/9
  4499 | D:6      | Noticed Menkaure
  4692 | D:6      | Killed Menkaure
  4693 | D:6      | Reached skill level 7 in Axes
  4887 | D:5      | Succumbed to a water moccasin's poison

Illustrated notes

Levels and vault maps discovered:
D:1:      minmay_arrival_shattered_statue, layout_basic, kennysheep_doodads,
          minmay_tree_intersection
D:2:      layout_basic, uniq_crazy_yiuf_cottage
D:3:      gammafunk_wand_slinger, layout_basic,
          mainiacjoe_overflow_cross_hatched,
          ebering_ecumenical_altar_sacrificial
D:4:      layout_basic, nicolae_qazlal_general_emergency,
          mainiacjoe_overflow_small_starburst, dk_noncrumbling_3,
          minmay_misc_feat_enclosed, chequers_serial_rivers_small_a,
          minmay_pentomino_pile
D:5:      layout_rooms, mainiacjoe_overflow_surrounded_room,
          mainiacjoe_overflow_divided_tiny, minmay_temple_entry_tees,
          uniq_edmund, uniq_sigmund
D:6:      layout_basic, yredelemnul_forgotten_temple_becter, uniq_menkaure

Skill      XL: |  1  2  3  4  5  6  7 |
---------------+----------------------+-----
Axes           | 2 3 4 5 6 7 |  7.3
Evocations     | 1 3 4 |  4.0
Fighting       | |  2.6
Dodging        | |  1.7
Stealth        | |  4.5

Action                     |  1- 3 |  4- 6 |  7- 9 || total
---------------------------+-------+-------+-------++-------
  Melee: Hand axe          |   127 |    50 |       ||   177
         Punch             |     2 |     1 |     1 ||     4
         Dagger            |    15 |   124 |    22 ||   161
         War axe           |       |    13 |    40 ||    53
  Throw: Boomerang         |    12 |     5 |    14 ||    31
         Dart              |       |     2 |       ||     2
  Evoke: Wand              |       |       |     1 ||     1
    Use: Scroll            |     8 |       |       ||     8
         Potion            |       |     1 |     1 ||     2
   Stab: Sleeping          |    10 |     5 |       ||    15
 Armour: Leather armour    |    15 |       |       ||    15
         Ring mail         |    25 |    37 |       ||    62
         Chain mail        |       |    22 |    13 ||    35
  Dodge: Dodged            |    95 |   101 |    31 ||   227

Table legend: (Time is in decaauts)
 A = Elapsed time spent in this place.
 B = Non-inter-level travel time spent in this place.
 C = Inter-level travel time spent in this place.
 D = Time resting spent in this place.
 E = Time spent auto-exploring this place.
 F = Levels seen in this place.
 G = Mean time per level.
                   A        B        C        D        E       F      G
               +--------+--------+--------+--------+--------+-----+--------+
         Total |   4916 |   4706 |    210 |    544 |   2678 |   6 |  819.3 |
       Dungeon |   4916 |   4706 |    210 |    544 |   2678 |   6 |  819.3 |
               +--------+--------+--------+--------+--------+-----+--------+

Top non-repeatable levels by time:
     D:4: 1130 daAuts
     D:5: 981 daAuts
     D:1: 938 daAuts
     D:2: 899 daAuts
     D:3: 788 daAuts
     D:6: 176 daAuts
